 Dungeon Crawl Stone Soup version 0.30.0-15-g856e2d3f33 (webtiles) character file.

Game seed: 5348214381923849590

45180 cdecastro the Brawler (level 14, 0/143 HPs)
             Began as a Troll Fighter on May 19, 2023.
             Was an Initiate of Gozag.
             Killed from afar by a tengu reaver (26 damage)
             ... with a bolt of lightning
             ... on level 14 of the Dungeon.
             The game lasted 00:33:18 (12451 turns).

cdecastro the Brawler (Troll Fighter)              Turns: 12451, Time: 00:33:18

Health: 0/143      AC: 10    Str: 37    XL:     14   Next: 0%
Magic:  13/13      EV: 10    Int:  4    God:    Gozag
Gold:   1377       SH:  9    Dex: 13    Spells: 13/13 levels left

rFire   . .          .
                       - Unarmed
rCold   . . .        b - +0 kite shield
rNeg    . . .        J - +0 troll leather armour
rPois   .            a - +2 hat
rElec   .            C - +0 cloak
rCorr   .            (gloves unavailable)
SInv    .            (boots unavailable)
Will    +....        (no amulet)
Stlth   +            y - ring "Uboamonlom" {Str+6 Dex+4}
HPRegen 2.03/turn    k - ring of wizardry
MPRegen 0.13/turn

%: wizardry (x1)
@: no status effects
A: large, unfitting armour, claws 3, regeneration 1, shaggy fur 1, tough skin 1
a: Renounce Religion, Potion Petition, Call Merchant, Bribe Branch


You were on level 14 of the Dungeon.
You worshipped Gozag.
Gozag was most pleased with you.
You visited 2 branches of the dungeon, and saw 15 of its levels.

You collected 2451 gold pieces.
You spent 787 gold pieces at shops.
You paid 287 gold pieces to Gozag.

Inventory:

Missiles
 j - 15 boomerangs (quivered)
 p - 6 datura-tipped darts
 q - 66 poisoned darts
 u - 7 large rocks
 D - 2 curare-tipped darts
 Q - 5 javelins
Armour
 a - a +2 hat (worn)
 b - a +0 kite shield (worn)
 C - a +0 cloak (worn)
 J - a +0 troll leather armour (worn)
Magical Staves
 d - a staff of cold
 A - a staff of death
 F - a staff of fire
Jewellery
 k - a ring of wizardry (right claw)
 y - the ring "Uboamonlom" (left claw) {Str+6 Dex+4}
   (You found it on level 5 of the Dungeon)

   [ring of strength]

   Str:       It affects your strength (+6).
   Dex:       It affects your dexterity (+4).
 B - a ring of see invisible
 G - a ring of magical power
 H - a ring of wizardry
 N - a ring of flight
 S - a ring of wizardry
Wands
 n - a wand of roots (7)
 L - a wand of paralysis (3)
 R - a wand of acid (2)
 U - a wand of polymorph (3)
 V - a wand of mindburst (11)
Scrolls
 e - 7 scrolls of blinking
 g - 2 scrolls of poison
 h - 2 scrolls of fear {unknown}
 o - 9 scrolls of vulnerability
 r - 4 scrolls of immolation {unknown}
 s - a scroll of noise {unknown}
 t - 5 scrolls of teleportation
 v - 2 scrolls of magic mapping
 x - 2 scrolls of enchant armour {unknown}
 E - 3 scrolls of identify
 I - a scroll of amnesia {unknown}
 M - 2 scrolls of enchant weapon
 P - a scroll of brand weapon
 W - a scroll of acquirement {unknown}
Potions
 c - 4 potions of might
 f - 4 potions of lignification
 i - 2 potions of heal wounds
 l - 5 potions of curing
 m - 2 potions of haste
 w - 3 potions of brilliance
 z - 6 potions of mutation
 K - 3 potions of attraction
 O - 3 potions of flight
 T - a potion of resistance {unknown}
Miscellaneous
 X - a phantom mirror


   Skills:
 - Level 10.0 Fighting
 - Level 10.0 Throwing
 - Level 5.0 Armour
 - Level 5.0 Dodging
 - Level 5.0 Shields
 + Level 16.8 Unarmed Combat


You had 13 spell levels left.
You didn't know any spells.
Your spell library contained the following spells:

 Spells                   Type           Power      Damage    Failure   Level
 Sandblast                Erth           0%         2d4       38%         1
 Blink                    Tloc           0%         N/A       50%         2
 Cigotuvi's Dreadful Rot  Necr/Pois/Air  0%         N/A       50%         2
 Lesser Beckoning         Tloc           0%         N/A       50%         2
 Momentum Strike          Conj/Tloc      0%         3d8       50%         2
 Passwall                 Tmut/Erth      0%         N/A       50%         2
 Poisonous Vapours        Pois/Air       0%         N/A       50%         2
 Frozen Ramparts          Ice            0%         1d1       73%         3
 Inner Flame              Hex/Fire       0%         N/A       73%         3
 Mephitic Cloud           Conj/Pois/Air  0%         N/A       73%         3
 Stone Arrow              Conj/Erth      0%         3d7       73%         3
 Ice Form                 Ice/Tmut       0%         N/A       98%         4
 Summon Ice Beast         Ice/Summ       0%         N/A       98%         4
 Fireball                 Conj/Fire      0%         3d3       100%        5
 Freezing Cloud           Conj/Ice/Air   0%         6-21      100%        5
 Yara's Violent Unravell  Hex/Tmut       0%         3d3       100%        5
 Plasma Beam              Fire/Air       0%         2x1d11    100%        6
 Enfeeble                 Hex            0%         N/A       100%        7


Dungeon Overview and Level Annotations

Branches:
Dungeon (14/15)            Temple (1/1) D:4            Lair (0/5) D:11
    Orc (0/2) D:12         Vaults (0/5) D:13

Altars:
Ashenzari
Cheibriados
Dithmenos
Elyvilon
Fedhas
Gozag
Hepliaklqana
Kikubaaqudgha
Makhleb
Nemelex Xobeh
Okawaru
Qazlal
Ru
Sif Muna
Trog
Uskayaw
Vehumet
Wu Jian
Xom
Yredelemnul
Zin
The Shining One

Shops:
D:10 =

Portals:
Trove: D:10 (give horn of Geryon)

Annotations:
D:10 3 runed translucent doors, Kelyas's ghost, novice SpEn
D:11 2 runed translucent doors, ProzacElf's ghost, journeyman DsGl


Innate Abilities, Weirdness & Mutations

You are too large for most types of armour.
You have claws for hands.
Your natural rate of healing is unusually fast.
You are covered in fur. (AC +1)
You have tough skin. (AC +1)


Message History

The tengu reaver is moderately wounded.
The tengu reaver hits you with a +1 dire flail!!
The tengu reaver pecks you. The tengu reaver closely misses you.
You scratch the tengu reaver.
The tengu reaver is moderately wounded.
The tengu reaver points at you and mumbles some strange words.
The bolt of cold hits you!!!
You barely miss the tengu reaver.
The tengu reaver is moderately wounded.
The tengu reaver hits you with a +1 dire flail!
* * * LOW HITPOINT WARNING * * *
The tengu reaver pecks you but does no damage.
You block the tengu reaver's attack.
You mangle the tengu reaver!!
The tengu reaver is severely wounded.
You scratch the tengu reaver.
The tengu reaver is severely wounded.
The tengu reaver hits you with a +1 dire flail!!
* * * LOW HITPOINT WARNING * * *
The tengu reaver closely misses you. The tengu reaver misses you.
You miss the tengu reaver.
The tengu reaver is severely wounded.
The tengu reaver barely misses you. The tengu reaver pecks you.
* * * LOW HITPOINT WARNING * * *
The tengu reaver claws you but does no damage.
You scratch the tengu reaver but do no damage.
The tengu reaver is severely wounded.
You scratch the tengu reaver but do no damage.
The tengu reaver is severely wounded.
The tengu reaver hits you with a +1 dire flail!
* * * LOW HITPOINT WARNING * * *
The tengu reaver pecks you.
* * * LOW HITPOINT WARNING * * *
You block the tengu reaver's attack.
You miss the tengu reaver.
The tengu reaver is severely wounded.
The tengu reaver gestures at you while chanting.
The bolt of lightning hits you!!
You die...
Your body crumbles into a pile of gold.

......♣.♣#♣...♣#...# .......
♣♣♣♣♣♣♣.♣#♣...♣#...####)....(..
........♣#.♣♣♣.#...............
♣......♣♣#.♣ ♣.#.######........
°○.°..♣♣ #.♣♣♣.#.#######.......
§○§°..♣ #♣...♣#...............
#○##### #♣.♣##.....##......>.
..[♣ ♣♣.♣♣#Q....##........
~~~.♣ #♣[..♣#@..(.##.......K
~~~#.~ #.....#.######........
~~~.♣.~ #♣...♣#.# #........
...♣♣♣. ♣♣.♣♣#.# ##.......
############.###.# #......
.....####........#
........)........#
.......<...#######
#########.......##########


You could see a tengu reaver.

Vanquished Creatures
  Rupert (D:12)
  Josephine (D:14)
  A vault guard (D:13)
  An ogre mage (D:14)
  2 hydras (D:14)
  3 centaur warriors
  7 boulder beetles
  2 tengu warriors
  2 two-headed ogres
  Urug (D:13)
  3 skeletal warriors (D:14)
  A fire crab (shapeshifter) (D:14)
  7 deep elf pyromancers
  7 ugly things
  2 cyclopes
  4 manticores
  Maurice (D:9)
  An elephant (shapeshifter) (D:14)
  3 gargoyles
  A yaktaur (D:14)
  4 kobold demonologists
  An efreet (D:14)
  A komodo dragon (D:12)
  6 trolls
  A tengu conjurer (D:14)
  A rime drake (D:11)
  A freezing wraith (D:14)
  A meliai (shapeshifter) (D:14)
  11 slime creatures
  Sigmund (D:5)
  2 shadows
  8 wraiths
  2 vampires
  A spriggan (D:8)
  Grum (D:11)
  A wyvern (D:11)
  5 yaks (D:11)
  7 vampire mosquitoes
  A water moccasin (D:8)
  An acid dragon (shapeshifter) (D:14)
  5 acid dragons
  A meliai simulacrum (D:14)
  2 orc warriors
  5 ice beasts
  A black bear (D:6)
  An ogre (shapeshifter) (D:13)
  2 sky beasts (D:7)
  2 ogres
  6 wolves
  6 centaurs
  A phantom (D:4)
  4 kobold brigands
  A bullfrog (D:8)
  4 gnoll sergeants
  A scorpion (D:5)
  6 wights
  9 killer bees
  5 howler monkeys
  3 orc priests
  5 gnoll boudas
  5 hounds (D:6)
  3 jellies
  4 sleepcaps
  2 iguanas (D:5)
  6 orc wizards
  30 gnolls
  4 adders
  A shadow imp (D:7)
  2 worms
  4 dart slugs
  29 orcs
  7 ball pythons
  4 endoplasms
  4 giant cockroaches
  5 goblins
  13 hobgoblins
  5 jackals
  2 quokkas
  3 bats
  2 frilled lizards
  37 kobolds
  8 rats
358 creatures vanquished.

Vanquished Creatures (others)
  A centaur simulacrum (D:10)
1 creature vanquished.

Grand Total: 359 creatures vanquished

Notes
Turn   | Place    | Note
-------+----------+-------------------------------------------
     0 | D:1      | cdecastro the Troll Fighter began the quest for the Orb.
     0 | D:1      | Reached XP level 1. HP: 22/22 MP: 0/0
   131 | D:1      | Reached XP level 2. HP: 29/29 MP: 1/1
   200 | D:1      | Reached skill level 3 in Unarmed Combat
   258 | D:1      | Found a faded altar of an unknown god.
   432 | D:1      | Reached XP level 3. HP: 36/36 MP: 2/2
  1205 | D:2      | Found a radiant altar of Vehumet.
  1243 | D:2      | Reached skill level 4 in Unarmed Combat
  1632 | D:3      | Reached XP level 4. HP: 44/44 MP: 3/3
  1784 | D:3      | Found a bloodstained altar of Trog.
  1784 | D:3      | Noticed an ogre
  1897 | D:3      | Reached skill level 5 in Unarmed Combat
  2074 | D:4      | Noticed a phantom
  2085 | D:4      | Killed a phantom
  2086 | D:4      | Reached XP level 5. HP: 48/50 MP: 4/4
  2160 | D:4      | Found a staircase to the Ecumenical Temple.
  2171 | Temple   | Entered the Ecumenical Temple
  2271 | D:4      | Reached skill level 6 in Unarmed Combat
  2595 | D:5      | Entered Level 5 of the Dungeon
  2601 | D:5      | Reached XP level 6. HP: 50/59 MP: 5/5
  2729 | D:5      | Reached skill level 7 in Unarmed Combat
  2822 | D:5      | Noticed Sigmund
  2864 | D:5      | Killed Sigmund
  2865 | D:5      | Reached skill level 8 in Unarmed Combat
  2865 | D:5      | Reached XP level 7. HP: 18/66 MP: 6/6
  2938 | D:5      | Found a white marble altar of Elyvilon.
  2940 | D:5      | Found a hide-covered altar of Uskayaw.
  3106 | D:5      | Identified the ring "Uboamonlom" {Str+6 Dex+4}
  3232 | D:6      | You fall into a shaft and drop 2 floors!
  3268 | D:8      | Reached skill level 9 in Unarmed Combat
  3408 | D:6      | Reached XP level 8. HP: 56/74 MP: 7/7
  3493 | D:6      | Reached skill level 10 in Unarmed Combat
  3922 | D:6      | Reached skill level 5 in Fighting
  3955 | D:6      | Got the Catalogue of Sizzling Pestilence
  4294 | D:7      | Reached XP level 9. HP: 88/88 MP: 8/8
  4356 | D:7      | Reached skill level 11 in Unarmed Combat
  5895 | D:8      | Reached skill level 12 in Unarmed Combat
  5913 | D:8      | Reached skill level 1 in Throwing
  6479 | D:9      | Reached skill level 5 in Throwing
  6643 | D:9      | Reached XP level 10. HP: 96/96 MP: 9/9
  6708 | D:9      | Noticed Maurice
  6861 | D:10     | Entered Level 10 of the Dungeon
  6909 | D:9      | Killed Maurice
  6941 | D:9      | Reached skill level 13 in Unarmed Combat
  7024 | Temple   | Became a worshipper of Gozag Ym Sagoz the Greedy
  7034 | D:4      | Reached skill level 16 in Unarmed Combat
  7034 | D:4      | Reached XP level 11. HP: 102/102 MP: 10/10
  7163 | D:10     | Found Races's Jewellery Shop.
  7172 | D:10     | Bought a ring of see invisible for 195 gold pieces
  7236 | D:10     | Found an opulent altar of Gozag.
  7237 | D:10     | Found a runed translucent gate.
  7237 | D:10     | Found a runed translucent gate.
  7283 | D:10     | Found a runed translucent gate.
  7285 | D:10     | Noticed Kelyas's ghost (novice SpEn)
  7285 | D:10     | Noticed a deep elf pyromancer
  7636 | D:10     | Found a portal to a secret trove of treasure.
  8115 | D:11     | Reached skill level 5 in Shields
  8117 | D:11     | Noticed a red ugly thing
  8119 | D:11     | Killed a red ugly thing
  8120 | D:11     | Noticed a brown ugly thing
  8130 | D:11     | Killed a brown ugly thing
  8185 | D:11     | Noticed Grum
  8186 | D:11     | Found a staircase to the Lair.
  8192 | D:11     | Killed Grum
  8511 | D:11     | Found a large runed translucent door.
  8520 | D:11     | Found a large runed translucent door.
  8522 | D:11     | Noticed ProzacElf's ghost (journeyman DsGl)
  8786 | D:11     | Found Giumeyny's Magic Scroll Boutique.
  8791 | D:11     | Bought a scroll of enchant weapon for 82 gold pieces
  8791 | D:11     | Bought a scroll of poison for 44 gold pieces
  8791 | D:11     | Bought a scroll of magic mapping for 82 gold pieces
  8791 | D:11     | Bought a scroll of blinking for 82 gold pieces
  8791 | D:11     | Bought a scroll of brand weapon for 104 gold pieces
  8791 | D:11     | Bought 3 scrolls of vulnerability for 132 gold pieces
  8791 | D:11     | Bought a scroll of identify for 22 gold pieces
  8791 | D:11     | Bought a scroll of poison for 44 gold pieces
  9039 | D:12     | Reached XP level 12. HP: 119/119 MP: 11/11
  9057 | D:12     | Noticed a two-headed ogre
  9068 | D:12     | Killed a two-headed ogre
  9104 | D:12     | Noticed a boulder beetle
  9123 | D:12     | Killed a boulder beetle
  9174 | D:12     | Noticed a boulder beetle
  9188 | D:12     | Killed a boulder beetle
  9509 | D:12     | Found a staircase to the Orcish Mines.
  9670 | D:12     | Noticed a boulder beetle
  9678 | D:12     | Killed a boulder beetle
  9830 | D:12     | Noticed Rupert
  9842 | D:12     | Killed Rupert
  9843 | D:12     | Reached skill level 10 in Fighting
  9903 | D:13     | Noticed a centaur warrior
  9912 | D:13     | Killed a centaur warrior
 10119 | D:13     | Noticed a tengu warrior
 10135 | D:13     | Killed a tengu warrior
 10238 | D:13     | Noticed a centaur warrior
 10246 | D:13     | Killed a centaur warrior
 10423 | D:13     | Noticed Urug
 10436 | D:13     | Killed Urug
 10796 | D:13     | Noticed a two-headed ogre
 10804 | D:13     | Killed a two-headed ogre
 10805 | D:13     | Reached XP level 13. HP: 133/133 MP: 12/12
 11003 | D:13     | Found a gate to the Vaults.
 11297 | D:14     | Reached skill level 10 in Throwing
 11364 | D:14     | Reached skill level 1 in Armour
 11611 | D:14     | Reached skill level 5 in Armour
 11614 | D:14     | Noticed Josephine
 11619 | D:14     | Killed Josephine
 11832 | D:14     | Reached skill level 5 in Dodging
 12391 | D:14     | Reached XP level 14. HP: 124/143 MP: 13/13
 12434 | D:14     | Noticed a tengu reaver
 12451 | D:14     | Killed from afar by a tengu reaver

Illustrated notes

Levels and vault maps discovered:
D:1:      minmay_arrival_hallway, layout_basic, serial_aquarium,
          aquarium_bridge_square [aquarium_subvault_bridge,
          aquarium_subvault_wall, aquarium_subvault_window,
          aquarium_subvault_bridge], aquarium_window_1, aquarium_window_fake,
          aquarium_window_1, aquarium_view_2d, aquarium_balcony_5b,
          dreamdust_ecumenical_altar_angels_and_demons
D:2:      layout_basic, basic_altar
D:3:      layout_rooms, bloody_trog, grunt_ministairs_10
D:4:      layout_rooms, temple_fountains, kennysheep_donut,
          kennysheep_generic_room_5
D:5:      layout_basic, mainiacjoe_overflow_catch_the_wave,
          nicolae_fountain_basement, uniq_sigmund
D:6:      layout_cave_pools, serial_gnoll_camp, gnoll_camp_mini_house,
          gnoll_camp_mini_hut, gnoll_camp_mini_hut, gnoll_camp_mini_house,
          gnoll_camp_huts_moat
D:7:      kennysheep_kobold_camp, layout_basic
D:8:      layout_loops_ring, minmay_misc_feat_encased, chequers_avenue,
          the_hattery
D:9:      layout_gridville, uniq_maurice
D:10:     layout_cave_pods, ebering_ghost_gozag, nicolae_trove_entry_columns,
          serial_shops, nicolae_stop_n_shop_2
D:11:     layout_roguey, hellmonk_lair_entry_icy, ebering_ghost_disaster_area,
          serial_shops, nicolae_shop_rolled_up, uniq_grum
D:12:     layout_roguey, orc_0_dummy, minmay_misc_feat_hallway, uniq_rupert
D:13:     layout_stronghold, david_vaults_5, st_stairs_3, uniq_urug
D:14:     nzn_winding_woodlands_large [nzn_winding_woodlands_5x5_cross,
          nzn_winding_woodlands_5x15_crooked,
          nzn_winding_woodlands_5x5_open_star,
          nzn_winding_woodlands_center_garden,
          nzn_winding_woodlands_15x15_boxy_spiral,
          nzn_winding_woodlands_center_triple_pond,
          nzn_winding_woodlands_5x5_three, nzn_winding_woodlands_5x15_zeroes,
          nzn_winding_woodlands_5x5_default], layout_rooms, interstate_on_off,
          chequers_serial_rivers_micro_c, uniq_josephine
Temple:   hellmonk_temple_of_storms

Skill      XL: |  1  2  3  4  5  6  7  8  9 10 11 12 13 |
---------------+----------------------------------------+-----
Unarmed Combat | 3 4 5 6 8 9 10 12 16 | 16.8
Fighting       | 5 7 10 | 10.0
Throwing       | 5 8 10 | 10.0
Shields        | 5 |  5.0
Armour         | 5 |  5.0
Dodging        | 5 |  5.0

Action                     |  1- 3 |  4- 6 |  7- 9 | 10-12 | 13-15 || total
---------------------------+-------+-------+-------+-------+-------++-------
  Melee: Unarmed           |   113 |   119 |   290 |   347 |   194 ||  1063
         Punch             |     1 |     2 |    14 |       |       ||    17
  Throw: Boomerang         |       |       |       |     4 |    22 ||    26
         Large rock        |       |       |       |       |    11 ||    11
    Use: Scroll            |       |       |       |    11 |     2 ||    13
         Potion            |       |       |       |     3 |       ||     3
   Stab: Sleeping          |       |       |     1 |       |       ||     1
         Distracted        |       |       |       |     1 |       ||     1
         Confused          |       |       |       |       |     1 ||     1
 Armour: Robe              |    32 |    17 |    36 |       |       ||    85
         Acid dragon scale |       |       |    38 |     8 |       ||    46
         Troll leather arm |       |       |       |   102 |    51 ||   153
  Dodge: Dodged            |    48 |    52 |   135 |   112 |    57 ||   404
  Block: Kite shield       |     4 |       |       |   150 |    78 ||   232
